 Seeded DCSS version 0.31-a0-66-ge618eeaa78 (webtiles) character file.

Game seed: 12735965570273765983 (custom seed)

2 Pimp the Shooter (level 1, 12/12 HPs)
             Began as a Deep Elf Hunter on May 22, 2023.
             Quit the game on level 1 of the Dungeon.
             The game lasted 00:00:28 (72 turns).

Pimp the Shooter (Deep Elf Hunter)                    Turns: 72, Time: 00:00:29

Health: 12/12      AC:  3    Str:  8    XL:     1   Next: 25%
Magic:  3/3        EV: 12    Int: 13    God:
Gold:   11         SH:  0    Dex: 18    Spells: 0/0 levels left

rFire   . . .        a - +0 shortbow
rCold   . . .        (shield currently unavailable)
rNeg    . . .        c - +0 leather armour
rPois   .            (no helmet)
rElec   .            (no cloak)
rCorr   .            (no gloves)
SInv    .            (no boots)
Will    .....        (no amulet)
Stlth   ++           (no ring)
HPRegen 0.22/turn    (no ring)
MPRegen 0.08/turn

%: no passive effects
@: no status effects
A: no striking features
a: no special abilities


You were on level 1 of the Dungeon.
You visited 1 branch of the dungeon, and saw 1 of its levels.

You collected 11 gold pieces.

Inventory:

Hand Weapons
 a - a +0 shortbow (weapon)
Armour
 c - a +0 leather armour (worn)
Scrolls
 b - a scroll of immolation
 d - a scroll of acquirement
 f - a scroll of identify {unknown}
Potions
 e - a potion of degeneration {unknown}


   Skills:
 + Level 1.6 Fighting
 + Level 5.3 Ranged Weapons
 + Level 2.5 Dodging
 + Level 1.3 Stealth


You couldn't memorise any spells.
You didn't know any spells.
Your spell library was empty.

Dungeon Overview and Level Annotations

Branches:
Dungeon (1/15)

Altars:


Message History

Welcome, Pimp the Deep Elf Hunter.
Game seed: 12735965570273765983 (custom seed) Press ? for a list of commands and other information.
Found five items.
Found an escape hatch in the floor.
Found a staircase leading out of the dungeon.
Found an escape hatch in the floor.
A rat comes into view.
You open the door.
An endoplasm comes into view.
The endoplasm quivers.
You shoot an arrow. The arrow closely misses the rat.
The rat closely misses you.
You shoot an arrow. The arrow hits the rat!
You kill the rat!
The endoplasm barely misses you.
You shoot an arrow. The arrow hits the endoplasm.
You kill the endoplasm!
There is an open door here.
Found a spear and a club.
You see here 4 stones.
There is an escape hatch in the floor here.
d - a scroll labelled JAMMEC ZAWOC
e - a black potion
f - a scroll labelled LOILICE GORIW You see here 3 stones.
There is a staircase leading out of the dungeon here.
You now have 11 gold pieces.
d - 2 scrolls labelled JAMMEC ZAWOC (gained 1)
Found a stone staircase leading down.
A jackal comes into view.
This is a scroll of acquirement!
You see here a manual of Long Blades.
Something appears at your feet!
The jackal barks!
A jackal comes into view.
Are you sure you want to abandon this character and quit the game? (Confirm with "yes".)

### ..# # #.# .# #.# ..#
. #.#######...### ..
#.##...@....... ..
####...........h.. ..
#................h
..####.#......####...###
#..##.###..#..# ...#
....##.#.#.#..####...#
..............##.. ..>.
....###..###.###.# ..#.
...####.(....# #.#


You could see 2 jackals.

Vanquished Creatures
  An endoplasm (D:1)
  A rat (D:1)
2 creatures vanquished.

Notes
Turn   | Place    | Note
-------+----------+-------------------------------------------
     0 | D:1      | Pimp the Deep Elf Hunter began the quest for the Orb.
     0 | D:1      | Reached XP level 1. HP: 12/12 MP: 3/3
    71 | D:1      | Identified 2 scrolls of acquirement
    71 | D:1      | Acquired a manual of Long Blades
    72 | D:1      | Quit the game

Illustrated notes

Levels and vault maps discovered:
D:1:      dpeg_arrival_long_road, layout_loops_cross, hex_tiny

Action                     || total
---------------------------++-------
   Fire: Shortbow          ||     3
    Use: Scroll            ||     1
  Dodge: Dodged            ||     2

Table legend: (Time is in decaauts)
 A = Elapsed time spent in this place.
 B = Non-inter-level travel time spent in this place.
 C = Inter-level travel time spent in this place.
 D = Time resting spent in this place.
 E = Time spent auto-exploring this place.
 F = Levels seen in this place.
 G = Mean time per level.
                   A        B        C        D        E       F      G
               +--------+--------+--------+--------+--------+-----+--------+
         Total |     72 |     72 |      0 |      0 |     43 |   1 |   72.0 |
       Dungeon |     72 |     72 |      0 |      0 |     43 |   1 |   72.0 |
               +--------+--------+--------+--------+--------+-----+--------+

Top non-repeatable levels by time:
     D:1: 72 daAuts
